 Dungeon Crawl Stone Soup version 0.29-a0-194-g6e3aafee17 (webtiles) character file.

Game seed: 7838531613824263462

758 siradein the Skirmisher (level 7, 0/62 HPs)
             Began as a Hill Orc Fighter on Feb 23, 2022.
             Was a Follower of Makhleb.
             Slain by a two-headed ogre
             ... wielding a +0 giant club
              (16 damage)
             ... on level 5 of the Dungeon.
             The game lasted 00:16:24 (4669 turns).

siradein the Skirmisher (Hill Orc Fighter)          Turns: 4669, Time: 00:16:24

Health: 0/62       AC: 11    Str: 19    XL:     7   Next: 80%
Magic:  9/9        EV:  6    Int:  8    God:    Makhleb [*.....]
Gold:   255        SH:  9    Dex: 12    Spells: 6/6 levels left

rFire   . . .      SeeInvis .   a - +0 trident
rCold   . . .      Faith    .   C - +0 kite shield
rNeg    + . .      Spirit   .   y - +0 chain mail
rPois   .          Reflect  .   b - +0 helmet
rElec   .          Harm     .   (no cloak)
rCorr   .          Rampage  .   (no gloves)
Will    .....                   (no boots)
Stlth   ..........              (no amulet)
HPRegen 0.20/turn               i - +4 ring of slaying
MPRegen 0.11/turn               l - ring of positive energy

@: about to teleport
A: no striking features
a: Renounce Religion


You were on level 5 of the Dungeon.
You worshipped Makhleb.
Makhleb was aware of your devotion.
You visited 2 branches of the dungeon, and saw 6 of its levels.
You also visited: Sewer.

You collected 255 gold pieces.

Inventory:

Hand Weapons
 a - a +0 trident (weapon)
 g - a +0 hunting sling
Missiles
 h - 218 stones (quivered)
 B - 2 javelins
 E - 12 poisoned darts
Armour
 b - a +0 helmet (worn)
 y - a +0 chain mail (worn)
 C - a +0 kite shield (worn)
Jewellery
 i - a +4 ring of slaying (left hand)
 l - a ring of positive energy (right hand)
Scrolls
 c - a scroll of acquirement
 k - a scroll of brand weapon {unknown}
 s - a scroll of teleportation
 x - 2 scrolls of immolation {unknown}
 z - 2 scrolls of vulnerability {unknown}
 A - a scroll of enchant weapon {unknown}
 G - 2 scrolls of enchant armour {unknown}
Potions
 d - 3 potions of might
 j - 2 potions of heal wounds
 m - a potion of attraction {unknown}
 n - a potion of berserk rage {unknown}
 o - a potion of magic {unknown}
 p - 5 potions of invisibility
 q - a potion of brilliance {unknown}
 r - 2 potions of curing {unknown}
 t - a potion of lignification {unknown}
 u - a potion of ambrosia {unknown}
 v - a potion of haste {unknown}
 w - 2 potions of flight {unknown}
 D - 3 potions of cancellation {unknown}
 F - a potion of resistance {unknown}
 H - a potion of mutation {unknown}


   Skills:
 + Level 5.9 Fighting
 + Level 4.7 Polearms
 + Level 5.3 Armour
 + Level 5.4 Shields
 + Level 3.3 Invocations


You had 6 spell levels left.
You didn't know any spells.
Your spell library contained the following spells:

 Spells                   Type           Power      Damage    Failure   Level
 Beastly Appendage        Tmut           0%         N/A       100%        1
 Slow                     Hex            0%         N/A       100%        1
 Ensorcelled Hibernation  Hex/Ice        0%         N/A       100%        2
 Wereblood                Tmut           0%         N/A       100%        2
 Confusing Touch          Hex            0%         N/A       100%        3
 Gell's Gravitas          Tloc           0%         N/A       100%        3
 Lesser Beckoning         Tloc           0%         N/A       100%        3
 Spider Form              Tmut/Pois      0%         N/A       100%        3
 Teleport Other           Tloc           0%         N/A       100%        3
 Vampiric Draining        Necr           0%         2d6       100%        3
 Anguish                  Hex/Necr       0%         N/A       100%        4


Dungeon Overview and Level Annotations

Branches:
Dungeon (5/15)             Temple (1/1) D:4           Sewer (visited)

Altars:
Ashenzari
Dithmenos
Elyvilon
Gozag
Hepliaklqana
Kikubaaqudgha
Makhleb
Okawaru
Qazlal
Ru
Sif Muna
Uskayaw
Yredelemnul
The Shining One


Message History

Done exploring.
Done exploring.
Done exploring.
As you read the scroll labelled FAUHEG VAMEO, it crumbles to dust.
It is a scroll of identify.
f - 3 potions of degeneration
As you read the scroll of identify, it crumbles to dust.
j - 2 potions of heal wounds
As you read the scroll of identify, it crumbles to dust.
p - 5 potions of invisibility You drop 3 potions of degeneration.
As you read the scroll of identify, it crumbles to dust.
c - a scroll of acquirement
As you read the scroll of identify, it crumbles to dust.
s - 2 scrolls of teleportation
There is a large open door here.
Items here: ))) †.
There is a gate leading back out of this place here.
Welcome back to the Dungeon!
You block the river rat's attack.
You block the two-headed ogre's attack. x2; The river rat barely misses you.
There is a collapsed entrance here.
The river rat twitches its whiskers.
The two-headed ogre barely misses you.
The two-headed ogre hits you with a +0 giant club!
Why would you want to do that?
As you read the scroll of teleportation, it crumbles to dust.
You feel strangely unstable.
The two-headed ogre hits you with a +0 giant club!
The two-headed ogre barely misses you.
You hit the worm.
The worm is moderately wounded.
The two-headed ogre closely misses you.
The two-headed ogre hits you with a +0 giant club!
* * * LOW HITPOINT WARNING * * *
The worm bites you but does no damage.
You hit the worm.
The worm is severely wounded.
The two-headed ogre barely misses you.
The two-headed ogre hits you with a +0 giant club!
You die...

.#..#..####.#..##≈≈.≈≈##.#
.#.)'.).....#..≈≈.....≈≈.#
#####.)[....#..≈≈.....≈≈.#
#..'...####.#.........≈≈|#
#..#.⌠.#.)#.##.≈≈.....≈≈.#
#..#...'..#.##.≈≈.....≈≈.#
####..#####.##.##≈≈≈≈≈##.#
......#)..#.##.##≈≈≈≈≈##.#
.....))...#..#rO@w..≈... #
####..#...#..############
+ #..###)#..# #
#...#..#..# ####...#..#..#
..P)..P####..#
.............#
.####.#####[.#
............##


You could see a two-headed ogre, a worm and a river rat.

Vanquished Creatures
  2 ice beasts (D:5)
  An ogre (D:5)
  A kobold brigand (Sewer)
  A scorpion (D:5)
  2 water moccasin skeletons
  A hound (D:5)
  A hound skeleton (D:4)
  5 adders
  2 ufetubi
  An adder skeleton (D:5)
  A worm (D:2)
  4 dart slugs
  7 orcs
  13 bats
  8 endoplasms
  4 giant cockroaches
  7 goblins
  8 hobgoblins
  12 jackals
  31 kobolds
  6 quokkas
  10 ball pythons
  2 frilled lizards (D:1)
  9 rats
139 creatures vanquished.

Vanquished Creatures (others)
  2 plants (D:5)
2 creatures vanquished.

Grand Total: 141 creatures vanquished

Notes
Turn   | Place    | Note
-------+----------+-------------------------------------------
     0 | D:1      | siradein the Hill Orc Fighter began the quest for the Orb.
     0 | D:1      | Reached XP level 1. HP: 19/19 MP: 1/1
   103 | D:1      | Reached XP level 2. HP: 27/27 MP: 2/2
   311 | D:1      | Reached XP level 3. HP: 33/33 MP: 3/3
   410 | D:1      | Found a faded altar of an unknown god.
  1549 | D:2      | Reached XP level 4. HP: 23/40 MP: 4/4
  2136 | D:3      | Identified the +0 ring mail "Kant" {Stlth+}
  2184 | D:3      | Found a shadowy altar of Dithmenos.
  2656 | D:4      | Reached XP level 5. HP: 47/47 MP: 5/5
  3138 | D:4      | Found a white marble altar of Elyvilon.
  3269 | D:4      | Found a staircase to the Ecumenical Temple.
  3367 | D:4      | Found a shimmering blue altar of Sif Muna.
  3434 | Temple   | Entered the Ecumenical Temple
  3506 | Temple   | Became a worshipper of Makhleb the Destroyer
  3572 | D:5      | Entered Level 5 of the Dungeon
  3579 | D:5      | Reached skill level 5 in Fighting
  3579 | D:5      | Reached XP level 6. HP: 53/56 MP: 6/6
  3581 | D:5      | Reached skill level 1 in Invocations
  3608 | D:5      | Noticed an ice beast
  3627 | D:5      | Killed an ice beast
  3980 | D:5      | Found a sacrificial altar of Ru.
  3997 | D:5      | Noticed an ice beast
  4018 | D:5      | Killed an ice beast
  4019 | D:5      | Reached skill level 5 in Armour
  4019 | D:5      | Reached skill level 5 in Shields
  4019 | D:5      | Reached XP level 7. HP: 61/61 MP: 8/8
  4251 | D:5      | Noticed a two-headed ogre
  4255 | D:5      | Found a glowing drain.
  4262 | Sewer    | Entered a sewer
  4431 | Sewer    | Reached * piety under Makhleb
  4646 | Sewer    | Identified a scroll of acquirement
  4669 | D:5      | Slain by a two-headed ogre

Illustrated notes

Levels and vault maps discovered:
D:1:      wander_arrival_estate, layout_basic, shapermc_ecumenical_altar_pompeii
D:2:      layout_loops_ring
D:3:      layout_basic, mainiacjoe_overflow_six_doors_small
D:4:      layout_cave_pools, elyvilon_altar_5, led_sif_pool,
          lemuel_temple_firewalk_b, minmay_ruptured
D:5:      corexii_shack_village, layout_gridville, mainiacjoe_overflow_alcove_1,
          nicolae_ru_great_annihilating_truth, cheibrodos_sewer_entry_sluice
Temple:   zaba_magenta_temple

Skill      XL: |  1  2  3  4  5  6  7 |
---------------+----------------------+-----
Fighting       | 4 5 |  5.9
Polearms       | 3 4 |  4.7
Shields        | 4 5 |  5.4
Armour         | 4 5 |  5.3
Invocations    | 2 3 |  3.3

Action                   |  1- 3 |  4- 6 |  7- 9 || total
-------------------------+-------+-------+-------++-------
Melee: Trident           |   130 |   162 |   101 ||   393
 Fire: Hunting sling     |       |     2 |       ||     2
  Use: Scroll            |       |       |     6 ||     6
 Stab: Sleeping          |       |     2 |       ||     2
       Distracted        |       |     1 |       ||     1
       Invisible         |       |     1 |       ||     1
       Paralysed         |       |     1 |       ||     1
Armor: Scale mail        |    43 |    10 |       ||    53
       Ring mail         |       |    20 |       ||    20
       Chain mail        |       |    18 |    67 ||    85
Dodge: Dodged            |    44 |    46 |    29 ||   119
Block: Buckler           |    18 |    22 |       ||    40
       Kite shield       |       |    12 |    53 ||    65

Table legend: (Time is in decaauts)
 A = Elapsed time spent in this place.
 B = Non-inter-level travel time spent in this place.
 C = Inter-level travel time spent in this place.
 D = Time resting spent in this place.
 E = Time spent auto-exploring this place.
 F = Levels seen in this place.
 G = Mean time per level.
                   A        B        C        D        E       F      G
               +--------+--------+--------+--------+--------+-----+--------+
         Total |   4767 |   4630 |    137 |      2 |   3470 |   7 |  681.0 |
       Dungeon |   4243 |   4106 |    137 |      2 |   3156 |   5 |  848.6 |
        Temple |     93 |     93 |      0 |      0 |     50 |   1 |   93.0 |
         Sewer |    430 |    430 |      0 |      0 |    263 |   1 |  430.0 |
               +--------+--------+--------+--------+--------+-----+--------+

Top non-repeatable levels by time:
     D:1: 1153 daAuts
     D:2: 985 daAuts
     D:4: 843 daAuts
     D:5: 722 daAuts
     D:3: 538 daAuts
   Sewer: 430 daAuts
  Temple: 93 daAuts
